 Dungeon Crawl Stone Soup version 0.30-a0-341-g682706514a (webtiles) character file.

Game seed: 1255850615853613632

620 sleeves the Gusty (level 7, -1/41 HPs)
             Began as an Octopode Air Elementalist on Nov 5, 2022.
             Succumbed to an adder's poison
             ... on level 3 of the Dungeon.
             The game lasted 00:06:40 (5066 turns).

sleeves the Gusty (Octopode Air Elementalist)       Turns: 5066, Time: 00:06:40

Health: -1/41      AC:  1    Str:  8    XL:     7   Next: 46%
Magic:  10/10      EV: 13    Int: 19    God:
Gold:   288        SH:  0    Dex: 12    Spells: 9/10 levels left

rFire   . . .      SeeInvis .    u - +2 dagger (venom)
rCold   . . .      Faith    .    (no shield)
rNeg    . . .      Spirit   .    (helmet restricted)
rPois   .          Reflect  .    (no amulet)
rElec   .          Harm     .    (no ring)
rCorr   .          Rampage  .    (no ring)
Will    .....                    (no ring)
Stlth   +++.......               (no ring)
HPRegen 0.26/turn                (no ring)
MPRegen 0.12/turn                (no ring)
                                 (no ring)
                                 (no ring)

@: mighty, lethally poisoned (-1 -> -6)
A: almost no armour, amphibious, 8 rings, camouflage 1, gelatinous body 1,
(nimble swimmer 1), tentacles
a: no special abilities


You were on level 3 of the Dungeon.
You visited 1 branch of the dungeon, and saw 4 of its levels.
You also visited: Sewer.

You collected 288 gold pieces.

Inventory:

Hand Weapons
 u - a +2 dagger of venom (weapon)
   (You took it off a kobold in a sewer)
Missiles
 i - 3 curare-tipped darts
Wands
 p - a wand of flame (10)
   (You took it off Ijyb on level 3 of the Dungeon)
 y - a wand of charming (6)
   (You found it on level 3 of the Dungeon)
Scrolls
 b - a scroll of fog {unknown}
 c - a scroll of amnesia {unknown}
 d - a scroll of noise {unknown}
 e - 4 scrolls of identify {unknown}
 f - 3 scrolls of vulnerability {unknown}
 g - a scroll of teleportation {unknown}
 n - a scroll of poison {unknown}
 r - a scroll of enchant armour {unknown}
 x - a scroll of enchant weapon {unknown}
Potions
 a - 2 potions of magic
 h - 2 potions of might
 j - 2 potions of lignification {unknown}
 k - 2 potions of mutation {unknown}
 l - 3 potions of resistance {unknown}
 m - a potion of degeneration {unknown}
 o - a potion of curing {unknown}
 q - a potion of flight {unknown}
 s - 2 potions of cancellation {unknown}
 t - 2 potions of haste {unknown}
 v - a potion of brilliance {unknown}
 w - a potion of invisibility {unknown}


   Skills:
 - Level 2.0 Dodging
 - Level 2.6 Stealth
 - Level 2.0 Spellcasting
 + Level 5.5 Conjurations
 + Level 6.3 Air Magic


You had 9 spell levels left.
You knew the following spells:

 Your Spells              Type           Power      Damage    Failure   Level
a - Shock                 Conj/Air       96%        1d9       1%          1

Your spell library contained the following spells:

 Spells                   Type           Power      Damage    Failure   Level
 Static Discharge         Conj/Air       48%        2-4/arc   2%          2
 Swiftness                Air            25%        N/A       3%          3
 Airstrike                Air            12%        2d(2-18)  13%         4
 Kindle Blastsparks       Fire/Tloc/Air  18%        2d11      22%         3
 Ignite Poison            Fire/Tmut/Pois 1%         N/A       45%         3
 Freezing Cloud           Conj/Ice/Air   8%         6-21      67%         5


Dungeon Overview and Level Annotations

Branches:
Dungeon (4/15)              Sewer (visited)
 Temple: D:4-7

Altars:
Ashenzari
Hepliaklqana
Kikubaaqudgha
Makhleb
Qazlal
Sif Muna
Wu Jian
Xom
Zin

Annotations:
D:3 3 runed translucent doors, KKCryptic's ghost, amateur MiGl


Innate Abilities, Weirdness & Mutations

You cannot wear most types of armour.
You are amphibious.
You can wear up to eight rings at the same time.
Your skin changes colour to match your surroundings (Stealth+).
Your rubbery body absorbs attacks. (AC +1, EV +1)
((You are camouflaged when in or above water. (Stealth+)))
You have tentacles for arms and can constrict up to eight enemies at once.


Message History

The shadow imp is almost dead.
The shadow imp hits you.
The zap misses the shadow imp.
The shadow imp hits you.
The zap hits the shadow imp.
You kill the shadow imp!
You hear the rusting of a very distant drain.
You see here a +0 ring mail.
You hear the rusting of a very distant drain.
A giant cockroach comes into view.
The zap hits the giant cockroach.
You kill the giant cockroach!
Found a stone staircase leading up.
A kobold comes into view. It is wielding a +0 short sword.
Found 12 gold pieces.
The zap hits the kobold.
You kill the kobold!
e - 4 scrolls labelled NIZUTW JADOAHO (gained 1)
You hear the brisk rusting of a distant drain.
Things that are here:
a +0 short sword; 5 stones; a kobold corpse You now have 183 gold pieces (gained 12).
q - a cyan potion A river rat comes into view.
The zap hits the river rat.
The river rat is heavily wounded.
A rat comes into view.
The zap misses the rat.
The zap hits the rat!
You kill the rat!
The zap hits the river rat but does no damage.
The river rat is heavily wounded.
The zap hits the river rat.
The river rat is severely wounded.
You miscast Shock.
You are very lightly contaminated with residual magic.
Nothing appears to happen.
The zap hits the river rat.
You kill the river rat!
Your magical contamination has completely faded away.
You hear the brisk rusting of a drain very nearby. 2 rats come into view.
You miscast Shock.
You are very lightly contaminated with residual magic.
Nothing appears to happen.
The zap hits the rat.
You kill the rat!
A rat comes into view.
The zap hits the rat.
The rat is heavily wounded.
A rat comes into view.
The zap hits the rat.
You kill the rat!
The zap hits the rat.
You kill the rat!
You can't see any susceptible monsters within range! (Use Z to cast anyway.)
You can't see any susceptible monsters within range! (Use Z to cast anyway.)
A rat comes into view.
Your magical contamination has completely faded away.
The zap misses the rat.
The zap hits the rat.
The rat is heavily wounded.
* * * LOW MAGIC WARNING * * *
The zap hits the rat.
You kill the rat!
* * * LOW MAGIC WARNING * * *
The zap hits the rat!
You kill the rat!
* * * LOW MAGIC WARNING * * *
You start resting.
You hear the brisk rusting of a drain very nearby.
Found a scroll labelled LUUTUA JOCOSCH.
Found a glowing drain.
You start resting.
A giant cockroach comes into view.
Found 8 gold pieces.
The zap hits the giant cockroach.
The giant cockroach is severely wounded.
The zap hits the giant cockroach.
The giant cockroach is almost dead.
The giant cockroach barely misses you.
You tentacle-slap the giant cockroach but do no damage.
You grab the giant cockroach.
The giant cockroach is almost dead.
You constrict the giant cockroach, but do no damage.
The giant cockroach closely misses you.
You tentacle-slap the giant cockroach.
You kill the giant cockroach!
Found 9 gold pieces.
You now have 191 gold pieces (gained 8).
r - a scroll labelled LUUTUA JOCOSCH
There is a glowing drain here.
You start resting.
You hear the quick rusting of a drain.
The world spins around you as you enter the gateway.
You enter a sewer!
Found a gate leading back out of this place.
There is an empty arch of ancient stone here.
Magic restored.
You open the door.
There is an open door here.
A bat comes into view.
The zap hits the bat.
The bat is moderately wounded.
The zap hits the bat.
You kill the bat!
A bat comes into view.
The zap hits the bat.
You kill the bat!
A ball python comes into view.
The zap hits the plant.
The plant begins to die.
The plant is lightly damaged.
The zap hits the ball python.
You kill the ball python!
A nearby plant withers and dies.
A frilled lizard comes into view.
The frilled lizard hisses angrily.
The zap hits the frilled lizard.
The frilled lizard is heavily wounded.
You miscast Shock.
You are very lightly contaminated with residual magic.
Nothing appears to happen.
The zap misses the frilled lizard.
The zap hits the frilled lizard.
You kill the frilled lizard!
Your magical contamination has completely faded away.
A ball python comes into view.
A ball python is nearby!
A ball python is nearby!
The zap hits the ball python.
The ball python is moderately wounded.
The zap hits the ball python.
You kill the ball python!
Okay, then.
You open the large door. 4 kobolds come into view.
Found 2 puce potions and a short sword.
Found a gate leading back out of this place.
There are monsters nearby!
Casting: Shock (safe; 3% risk of failure)
Confirm with . or Enter, or press ? or * to list all spells.
Aiming: Shock (safe; 3% risk of failure)
Press: ? - help, Shift-Dir - straight line The zap hits the kobold!
You kill the kobold!
The zap hits the kobold.
The kobold is moderately wounded.
The kobold shouts!
The zap hits the kobold.
You kill the kobold!
The kobold shouts! x2
The kobold throws a stone.
The stone hits you.
Casting: Shock (safe; 3% risk of failure)
Confirm with . or Enter, or press ? or * to list all spells.
Aiming: Shock (safe; 3% risk of failure)
Press: ? - help, Shift-Dir - straight line
Okay, then.
The kobold hits you with a +0 club.
Casting: Shock (safe; 3% risk of failure)
Confirm with . or Enter, or press ? or * to list all spells.
You don't know that spell.
Casting: Shock (safe; 3% risk of failure)
Confirm with . or Enter, or press ? or * to list all spells.
Aiming: Shock (safe; 3% risk of failure)
Press: ? - help, Shift-Dir - straight line, f - kobold
Aim: a kobold, wielding a +0 short sword and quivering stones (64% to hit)
The zap misses the kobold.
The zap hits the kobold.
The kobold is moderately wounded.
Casting: Shock (safe; 3% risk of failure)
Confirm with . or Enter, or press ? or * to list all spells.
You don't know that spell.
Casting: Shock (safe; 3% risk of failure)
Confirm with . or Enter, or press ? or * to list all spells.
Aiming: Shock (safe; 3% risk of failure)
Press: ? - help, Shift-Dir - straight line, f/p - kobold
Aim: a kobold, wielding a +0 short sword and quivering stones (moderately wounded, 64% to hit)
The zap misses the kobold.
The zap hits the kobold.
You kill the kobold!
You hear a splash. x2
Casting: Shock (safe; 3% risk of failure)
Confirm with . or Enter, or press ? or * to list all spells.
Aiming: Shock (safe; 3% risk of failure)
Press: ? - help, Shift-Dir - straight line, f/p - kobold
Aim: a kobold, wielding a +0 short sword and quivering stones (moderately wounded, 64% to hit)
The zap hits the kobold.
The kobold is severely wounded.
The kobold closely misses you.
Casting: Shock (safe; 3% risk of failure)
Confirm with . or Enter, or press ? or * to list all spells.
Aiming: Shock (safe; 3% risk of failure)
Press: ? - help, Shift-Dir - straight line, f/p - kobold
Aim: a kobold, wielding a +0 short sword and quivering stones (severely wounded, 64% to hit)
The zap hits the kobold.
You kill the kobold!
You hear a splash. x2
HP restored.
Things that are here:
a +0 short sword; 3 stones
There is a large open door here.
Things that are here:
a +0 dagger; a kobold corpse
l - 2 puce potions (gained 1)
l - 3 puce potions (gained 1)
There is a large open door here.
Things that are here:
a +0 short sword; 3 stones A ball python and a giant cockroach come into view.
The ball python hisses angrily.
There are monsters nearby!
There are monsters nearby!
There are monsters nearby!
The zap hits the plant.
The plant begins to die.
The plant is lightly damaged.
The zap hits the ball python.
The ball python is moderately wounded.
The zap misses the ball python.
The ball python bites you. The ball python grabs you.
The ball python constricts you. The ball python bites you.
The ball python constricts you.
The zap hits the ball python.
The ball python is severely wounded.
The ball python bites you. The ball python constricts you.
The zap hits the ball python.
You kill the ball python!
A nearby plant withers and dies.
The zap hits the giant cockroach.
You kill the giant cockroach!
The zap hits the fungus.
The fungus begins to die.
The fungus is lightly damaged.
You can't see any susceptible monsters within range! (Use Z to cast anyway.)
A nearby fungus withers and dies.
A rat comes into view.
A rat is nearby!
A rat is nearby!
The zap hits the rat.
You kill the rat!
You can't see any susceptible monsters within range! (Use Z to cast anyway.)
A bat comes into view.
A bat is nearby!
A bat is nearby!
The zap hits the bat.
The bat is moderately wounded.
The zap hits the plant.
The plant begins to die.
The plant is lightly damaged.
The zap hits the bat.
You kill the bat!
A nearby plant withers and dies.
You see here a bat corpse.
You open the large door.
A kobold comes into view. It is wielding a +0 whip.
Found a dark potion and a black potion.
Found a gate leading back out of this place.
A kobold is nearby!
A kobold is nearby!
The zap hits the kobold.
The kobold is severely wounded.
The kobold shouts!
The zap misses the kobold.
The kobold hits you with a +0 whip.
The zap misses the kobold.
The kobold hits you with a +0 whip.
The zap hits the kobold.
You kill the kobold!
You can't see any susceptible monsters within range! (Use Z to cast anyway.)
There is a large open door here.
Things that are here:
a +0 whip; 3 stones
s - a dark potion
t - a black potion
There is a large open door here.
You open the large door.
A kobold comes into view. It is wielding a +2 dagger of venom.
Found a pink potion.
Found a gate leading back out of this place.
The zap hits the kobold!
You kill the kobold!
You can't see any susceptible monsters within range! (Use Z to cast anyway.)
You can't see any susceptible monsters within range! (Use Z to cast anyway.)
There is a large open door here.
k - 2 pink potions (gained 1)
You see here a +2 dagger of venom.
u - a +2 dagger of venom Your +2 dagger of venom begins to drip with poison!
u - a +2 dagger of venom (weapon)
There is a gate leading back out of this place here.
There is a large open door here.
You open the large door. 4 kobolds come into view.
The kobold shouts! x2
Found four items.
Found a gate leading back out of this place.
There are monsters nearby!
There are monsters nearby!
There are monsters nearby!
Casting: Shock (safe; 2% risk of failure)
Confirm with . or Enter, or press ? or * to list all spells.
Aiming: Shock (safe; 2% risk of failure)
Press: ? - help, Shift-Dir - straight line The zap hits the kobold!
You kill the kobold!
The kobold shouts!
The kobold closely misses you.
Casting: Shock (safe; 2% risk of failure)
Confirm with . or Enter, or press ? or * to list all spells.
Aiming: Shock (safe; 2% risk of failure)
Press: ? - help, Shift-Dir - straight line, f - kobold
Aim: a kobold, wielding a +0 whip and quivering stones (64% to hit)
The zap hits the kobold.
The kobold is heavily wounded.
The zap hits the kobold.
You kill the kobold!
The zap misses the kobold.
The kobold barely misses you.
Casting: Shock (safe; 2% risk of failure)
Confirm with . or Enter, or press ? or * to list all spells.
Aiming: Shock (safe; 2% risk of failure)
Press: ? - help, Shift-Dir - straight line, f/p - kobold
Aim: a kobold, wielding a +0 whip and quivering stones (64% to hit)
The zap hits the kobold.
You kill the kobold!
The zap hits the kobold.
The kobold is moderately wounded.
Casting: Shock (safe; 2% risk of failure)
Confirm with . or Enter, or press ? or * to list all spells.
Aiming: Shock (safe; 2% risk of failure)
Press: ? - help, Shift-Dir - straight line, f/p - kobold
Aim: a kobold, wielding a +0 whip and quivering stones (moderately wounded, 64% to hit)
The zap hits the kobold.
You kill the kobold!
There is a large open door here.
Items here: ( )) †.
Things that are here:
a +0 short sword; 3 stones; a kobold corpse
v - a metallic cyan potion
There is a gate leading back out of this place here.
s - 2 dark potions (gained 1)
w - a sapphire potion
There is a gate leading back out of this place here.
t - 2 black potions (gained 1) Done exploring.
Done exploring.
Done exploring.
Done exploring.
There is a gate leading back out of this place here.
Welcome back to the Dungeon!
There is a collapsed entrance here.
You now have 200 gold pieces (gained 9).
Found a faded altar of an unknown god.
A kobold comes into view. It is wielding a +0 club.
A kobold is nearby!
The zap hits the kobold.
You kill the kobold!
You can't see any susceptible monsters within range! (Use Z to cast anyway.) Magic restored.
f - 2 scrolls labelled NUIDUPR OLINIU (gained 1)
f - 3 scrolls labelled NUIDUPR OLINIU (gained 1)
Found 7 stones.
Search for what [Enter for "cur", or ? for help]? alt
There is a faded altar of an unknown god here.
This altar belongs to (a) Hepliaklqana, (b) Dithmenos or (c) Vehumet, but you can't tell which.
Press the corresponding letter to learn more about a god, or press enter to convert or escape to cancel.
Okay, then.
Unknown command.
Press < or > to pray at altars.
Unknown command.
Press < or > to pray at altars.
Unknown command.
Press < or > to pray at altars.
Unknown command.
Press < or > to pray at altars.
You open the door.
There is an open door here.
There is a stone staircase leading up here.
You now have 209 gold pieces (gained 9).
Found a stone staircase leading down.
There is a stone staircase leading down here.
You now have 212 gold pieces (gained 3).
A frilled lizard comes into view.
A frilled lizard is nearby!
The zap hits the frilled lizard.
You kill the frilled lizard!
You can't see any susceptible monsters within range! (Use Z to cast anyway.)
You open the door.
There is an open door here.
As you open the door, it creaks loudly!
An endoplasm comes into view.
You hear an angry hiss.
The endoplasm moves out of view.
An adder comes into view.
Found storm dragon scales.
There is an open door here.
There are monsters nearby!
The zap hits the endoplasm.
The endoplasm is moderately wounded.
The zap hits the endoplasm.
The endoplasm is heavily wounded.
The zap hits the endoplasm.
You kill the endoplasm!
The zap hits the adder.
The adder is moderately wounded.
The zap misses the adder.
The adder bites you.
The zap misses the adder.
The adder bites you.
The zap hits the adder.
The adder is severely wounded.
The adder bites you but does no damage. x2
The zap misses the adder.
* * * LOW MAGIC WARNING * * *
The adder bites you.
You are poisoned.
The adder poisons you!
The zap misses the adder.
* * * LOW MAGIC WARNING * * *
You feel sick. The adder bites you.
You are out of magic!
You barely miss the adder. You grab the adder.
The adder is severely wounded.
You constrict the adder.
You feel sick. The adder bites you.
You are more poisoned.
The adder poisons you!
You are too injured to fight recklessly!
You are too injured to fight recklessly!
You hit the adder.
The adder is almost dead.
You constrict the adder.
You kill the adder!
You feel very sick.
You feel sick.
You feel sick.
You feel sick.
You feel sick.
You feel sick.
You feel sick.
You feel sick.
You are no longer poisoned.
HP restored.
You see here an adder corpse.
A bat comes into view.
The zap hits the bat.
The bat is severely wounded.
The zap hits the bat.
You kill the bat!
Found 5 stones.
x - a scroll labelled IMPIRGHI CUAT
h - 3 lumpy brown potions (gained 1)
You now have 227 gold pieces (gained 15).
Found a stone staircase leading up.
You can't see any susceptible monsters within range! (Use Z to cast anyway.)
You now have 240 gold pieces (gained 13).
There is a stone staircase leading up here.
y - a wand of charming (6)
Found a quarterstaff.
An endoplasm comes into view.
You see here a +0 quarterstaff.
An endoplasm is nearby!
The zap hits the endoplasm.
The endoplasm is heavily wounded.
The endoplasm quivers.
The zap hits the endoplasm.
You kill the endoplasm!
You see here a +0 quarterstaff.
You open the door.
Natasha and a rat come into view.
There are monsters nearby!
There are monsters nearby!
You aren't carrying any pieces of jewellery.
Unknown command.
Casting: Shock (safe; 2% risk of failure)
Confirm with . or Enter, or press ? or * to list all spells.
Aiming: Shock (safe; 2% risk of failure)
Press: ? - help, Shift-Dir - straight line, f - Natasha
Aim: Natasha (asleep, 100% to hit)
The zap hits Natasha.
Natasha is lightly wounded.
Natasha hisses angrily.
Casting: Shock (safe; 2% risk of failure)
Confirm with . or Enter, or press ? or * to list all spells.
Aiming: Shock (safe; 2% risk of failure)
Press: ? - help, Shift-Dir - straight line, f/p - Natasha
Aim: Natasha (lightly wounded, 64% to hit)
The zap hits Natasha.
Natasha is heavily wounded.
Casting: Shock (safe; 2% risk of failure)
Confirm with . or Enter, or press ? or * to list all spells.
Aiming: Shock (safe; 2% risk of failure)
Press: ? - help, Shift-Dir - straight line, f/p - Natasha
Aim: Natasha (heavily wounded, 64% to hit)
The zap misses Natasha.
The zap hits the rat.
You kill the rat!
Natasha claws you!
Casting: Shock (safe; 2% risk of failure)
Confirm with . or Enter, or press ? or * to list all spells.
Aiming: Shock (safe; 2% risk of failure)
Press: ? - help, Shift-Dir - straight line, f/p - Natasha
Aim: Natasha (heavily wounded, 64% to hit)
The zap hits Natasha!
Natasha is almost dead.
Natasha claws you.
Casting: Shock (safe; 2% risk of failure)
Confirm with . or Enter, or press ? or * to list all spells.
You don't know that spell.
You closely miss Natasha. You grab Natasha. You squeeze Natasha.
You kill Natasha!
Natasha screams in fury as she dies!
Your Conjurations skill increases to level 4!
Your Air Magic skill increases to level 5!
You have reached level 6!
There is an open door here.
You see here a rat corpse.
You see here a rat corpse.
There is an open door here.
You see here a +0 quarterstaff.
You open the door.
There is an open door here.
Key pressed, stopping explore.
The giant cockroach simulacrum waves its antennae.
You now have 251 gold pieces (gained 11).
Found a hazy altar of Hepliaklqana.
Found four altars.
Found a burning altar of Makhleb.
Found a broken altar of Ashenzari.
Found an ornate altar of the Wu Jian Council.
You see here a bat skeleton.
Natasha, Servant of Life and Death comes into view.
Natasha is nearby!
Natasha is nearby!
Natasha is nearby!
The zap hits Natasha.
Natasha is heavily wounded.
Natasha hisses angrily.
The zap hits Natasha.
Natasha is severely wounded.
Natasha casts a spell at you. The magic dart hits you!
The zap hits Natasha.
Natasha is almost dead.
The zap hits Natasha.
You kill Natasha!
Natasha yowls pathetically as she dies!
Natasha, Servant of Life and Death comes into view.
Natasha mumbles some strange words.
There are monsters nearby!
There are monsters nearby!
The zap hits the shadow imp but does no damage.
Casting: Shock (safe; 2% risk of failure)
Confirm with . or Enter, or press ? or * to list all spells.
Aiming: Shock (safe; 2% risk of failure)
Press: ? - help, Shift-Dir - straight line, f - Natasha
Aim: Natasha (64% to hit)
The zap hits Natasha.
Natasha is heavily wounded.
Casting: Shock (safe; 2% risk of failure)
Confirm with . or Enter, or press ? or * to list all spells.
Aiming: Shock (safe; 2% risk of failure)
Press: ? - help, Shift-Dir - straight line, f/p - Natasha
Aim: Natasha (heavily wounded, 64% to hit)
The zap hits Natasha.
Natasha is heavily wounded.
Natasha stares at you and mumbles some strange words.
The magic dart hits you!
Casting: Shock (safe; 2% risk of failure)
Confirm with . or Enter, or press ? or * to list all spells.
Aiming: Shock (safe; 2% risk of failure)
Press: ? - help, Shift-Dir - straight line, f/p - Natasha
Aim: Natasha (heavily wounded, 64% to hit)
The zap hits the shadow imp.
The shadow imp is moderately wounded.
The zap hits Natasha.
Natasha is severely wounded.
The shadow imp gestures at you.
You barely resist.
Casting: Shock (safe; 2% risk of failure)
Confirm with . or Enter, or press ? or * to list all spells.
Aiming: Shock (safe; 2% risk of failure)
Press: ? - help, Shift-Dir - straight line, f/p - Natasha
Aim: Natasha (severely wounded, 64% to hit)
The zap hits the shadow imp.
The shadow imp is almost dead.
The zap hits Natasha.
Natasha is almost dead.
Casting: Shock (safe; 2% risk of failure)
Confirm with . or Enter, or press ? or * to list all spells.
Aiming: Shock (safe; 2% risk of failure)
Press: ? - help, Shift-Dir - straight line, f/p - Natasha
Aim: Natasha (almost dead, 64% to hit)
The zap hits the shadow imp.
You kill the shadow imp!
The shadow imp disappears in a puff of smoke!
The zap hits Natasha.
You kill Natasha!
You feel Natasha's spirit has finally been put to rest.
Could not explore, unopened runed door.
Could not explore, unopened runed door.
(D) Dungeon
Where to? (Enter - D:3 @ (x,y), ? - help)
There is a stone staircase leading down here.
You climb downwards.
Found a scale mail.
Found a stone staircase leading up.
There is a stone staircase leading up here.
There are monsters nearby!
The zap hits the hound.
The hound is moderately wounded.
The zap hits the hound!
The hound is severely wounded.
The goblin shouts!
The zap misses the hound.
The orc shouts!
The zap hits the hound.
The hound is almost dead.
The hound bites you. The hound completely misses you.
The zap hits the hound.
The hound is almost dead.
The hound bites you.
The zap hits the hound.
You kill the hound!
The zap hits the goblin!
You kill the goblin!
The zap hits the orc.
The orc is lightly wounded.
* * * LOW MAGIC WARNING * * *
The orc barely misses you.
You barely miss the orc. Your grab misses the orc. You squeeze the orc.
The orc is almost dead.
The orc barely misses you.
You hit the orc.
You kill the orc!
HP restored.
Magic restored.
Found a stone staircase leading down.
Found a ring mail.
Found a stone staircase leading up.
Found an escape hatch in the ceiling.
You pick up a Trismegistus Codex and begin reading...
You add the spells Kindle Blastsparks, Ignite Poison and Freezing Cloud to your library.
Okay, then.
An endoplasm comes into view.
The endoplasm quivers.
An endoplasm is nearby!
The zap hits the endoplasm!
You kill the endoplasm!
You can't see any susceptible monsters within range! (Use Z to cast anyway.)
Found a stone staircase leading down.
You now have 263 gold pieces (gained 12).
An endoplasm and a kobold come into view.
There are monsters nearby!
The zap hits the kobold.
You kill the kobold!
The zap hits the endoplasm!
You kill the endoplasm!
An ufetubus and a hobgoblin come into view.
You see here a +0 dagger.
There are monsters nearby!
The zap hits the ufetubus.
The ufetubus is severely wounded.
The ufetubus shouts!
A scorpion comes into view.
The zap hits the ufetubus.
You kill the ufetubus!
The hobgoblin shouts!
The zap hits the hobgoblin.
The hobgoblin is heavily wounded.
The zap hits the hobgoblin.
The hobgoblin is almost dead.
Casting: Shock (safe; 2% risk of failure)
Confirm with . or Enter, or press ? or * to list all spells.
Aiming: Shock (safe; 2% risk of failure)
Press: ? - help, Shift-Dir - straight line, f - scorpion
Aim: a scorpion (71% to hit)
The zap hits the scorpion.
The scorpion is lightly wounded.
You barely miss the scorpion. You grab the scorpion.
The scorpion is lightly wounded.
You constrict the scorpion, but do no damage.
The scorpion closely misses you.
You hit the scorpion. You squeeze the scorpion.
The scorpion is severely wounded.
You constrict the scorpion, but do no damage.
The scorpion stings you.
You hit the scorpion but do no damage. Your squeeze misses the scorpion.
The scorpion is severely wounded.
You constrict the scorpion.
The scorpion stings you but does no damage.
You hit the scorpion. You squeeze the scorpion.
You kill the scorpion!
You closely miss the hobgoblin. Your grab misses the hobgoblin.
You squeeze the hobgoblin.
You kill the hobgoblin!
A hound comes into view.
A hound is nearby!
A hound is nearby!
The zap hits the hound.
The hound is lightly wounded.
The hound barks!
The zap hits the hound.
The hound is moderately wounded.
The zap hits the hound.
The hound is severely wounded.
You hit the hound but do no damage.
The hound is poisoned.
You grab the hound.
The hound is severely wounded.
You constrict the hound. The hound barely misses you.
You hit the hound.
The hound is almost dead.
You constrict the hound.
You kill the hound!
A necrophage comes into view.
A necrophage is nearby!
A necrophage is nearby!
The zap hits the necrophage.
The necrophage is lightly damaged.
The zap hits the necrophage.
The necrophage is moderately damaged.
The zap hits the necrophage!
The necrophage is heavily damaged.
The zap hits the necrophage.
The necrophage is heavily damaged.
The zap hits the necrophage!
The necrophage is almost destroyed.
The zap misses the necrophage.
You closely miss the necrophage. You grab the necrophage.
You squeeze the necrophage.
The necrophage is almost destroyed.
You constrict the necrophage, but do no damage.
The necrophage hits you.
You feel drained.
You hit the necrophage but do no damage.
You squeeze the necrophage, but do no damage.
The necrophage is almost destroyed.
You constrict the necrophage, but do no damage.
The necrophage hits you.
You barely miss the necrophage.
The necrophage is almost destroyed.
You constrict the necrophage.
The necrophage hits you but does no damage.
You hit the necrophage.
You destroy the necrophage!
Your life force feels restored.
Your Conjurations skill increases to level 5!
You have reached level 7!
A ball python comes into view.
A ball python is nearby!
A ball python is nearby!
A ball python is nearby!
The zap hits the ball python.
You kill the ball python!
You can't see any susceptible monsters within range! (Use Z to cast anyway.)
You see here a necrophage corpse.
You see here a hound corpse.
An iguana comes into view.
An iguana is nearby!
An iguana is nearby!
The zap hits the iguana.
The iguana is moderately wounded.
The iguana hisses angrily.
The zap misses the iguana.
The zap misses the iguana.
The zap hits the iguana.
The iguana is moderately wounded.
The zap hits the iguana.
The iguana is heavily wounded.
The zap hits the iguana.
The iguana is almost dead.
You hit the iguana but do no damage.
The iguana is poisoned.
You grab the iguana.
The iguana is almost dead.
You constrict the iguana, but do no damage.
The iguana bites you!
You are too injured to fight recklessly!
You are too injured to fight recklessly!
An iguana is nearby!
You hit the iguana but do no damage.
The iguana looks as sick as possible!
The iguana is almost dead.
You constrict the iguana.
You kill the iguana!
Your Air Magic skill increases to level 6!
You aren't carrying any pieces of jewellery.
Found a dagger.
Found an escape hatch in the floor.
You now have 269 gold pieces (gained 6).
Key pressed, stopping explore.
An adder comes into view.
An adder is nearby!
An adder is nearby!
An adder is nearby!
An adder is nearby!
An adder is nearby!
The zap misses the adder.
The adder hisses angrily.
You hear an angry hiss.
You closely miss the adder. Your grab misses the adder.
Your squeeze misses the adder. The adder bites you.
You are poisoned.
The adder poisons you!
You hit the adder.
The adder is poisoned.
Your grab misses the adder. Your squeeze misses the adder.
The adder is heavily wounded.
You feel sick. The adder barely misses you.
An adder comes into view.
You hit the adder.
The adder looks as sick as possible!
Your grab misses the adder. Your squeeze misses the adder.
The adder is severely wounded.
You feel sick.
You kill the adder!
You feel sick. The adder bites you. The adder misses you.
You see here an adder corpse.
You hit the adder.
The adder is poisoned.
Your grab misses the adder. Your squeeze misses the adder.
The adder is heavily wounded.
You feel sick. The adder barely misses you.
You miss the adder. Your grab misses the adder.
The adder is heavily wounded.
You feel sick.
You are no longer poisoned.
The adder closely misses you.
You hit the adder.
The adder looks as sick as possible!
Your grab misses the adder. Your squeeze misses the adder.
The adder is heavily wounded.
The adder bites you.
You are poisoned.
The adder poisons you! The adder closely misses you.
You barely miss the adder. You grab the adder.
The adder is heavily wounded.
You constrict the adder.
You feel sick. The adder bites you.
You are too injured to fight recklessly!
You are too injured to fight recklessly!
You are too injured to fight recklessly!
You are too injured to fight recklessly!
You barely miss the adder. You squeeze the adder.
You kill the adder!
You feel sick.
You feel sick.
You feel sick.
A worm comes into view.
A worm is nearby!
A worm is nearby!
A worm is nearby!
You are too injured to fight recklessly!
Casting: Shock (safe; 1% risk of failure)
Confirm with . or Enter, or press ? or * to list all spells.
Aiming: Shock (safe; 1% risk of failure)
Press: ? - help, Shift-Dir - straight line, f - worm
Aim: a worm (91% to hit)
The zap hits the worm.
The worm is moderately wounded.
The zap hits the worm!
The worm is severely wounded.
You feel sick.
Casting: Shock (safe; 1% risk of failure)
Confirm with . or Enter, or press ? or * to list all spells.
Aiming: Shock (safe; 1% risk of failure)
Press: ? - help, Shift-Dir - straight line, f/p - worm
Aim: a worm (severely wounded, 91% to hit)
The zap hits the worm.
The worm is almost dead.
You feel sick.
Casting: Shock (safe; 1% risk of failure)
Confirm with . or Enter, or press ? or * to list all spells.
Aiming: Shock (safe; 1% risk of failure)
Press: ? - help, Shift-Dir - straight line, f/p - worm
Aim: a worm (almost dead, 91% to hit)
The zap hits the worm.
You kill the worm!
You feel sick.
You are no longer poisoned.
A ball python comes into view.
A ball python is nearby!
A ball python is nearby!
A ball python is nearby!
The zap hits the ball python.
You kill the ball python!
You can't see any susceptible monsters within range! (Use Z to cast anyway.)
You can't see any susceptible monsters within range! (Use Z to cast anyway.)
You see here an adder corpse.
You see here a worm corpse.
Found 4 stones.
An endoplasm and a centaur come into view.
There are monsters nearby!
You see here 19 gold pieces.
The helpless centaur fails to defend itself.
You puncture the centaur!
The centaur is poisoned.
The centaur is heavily wounded.
The centaur hits you. The centaur completely misses you.
The centaur hits you but does no damage.
The centaur kicks you.
You hit the centaur.
The centaur looks even sicker.
You squeeze the centaur, but do no damage.
The centaur is heavily wounded.
The endoplasm quivers.
You hear a shout!
The centaur closely misses you. The centaur barely misses you.
You hit the centaur but do no damage.
The centaur looks as sick as possible!
The centaur is severely wounded.
The centaur completely misses you. The centaur kicks you. The centaur hits you.
The centaur kicks you.
An ufetubus comes into view.
That beam is likely to hit you.
Continue anyway?
Okay, then.
You barely miss the centaur. You squeeze the centaur.
You kill the centaur!
A quokka comes into view.
The ufetubus closely misses you. x2
The endoplasm attacks as you move away! The endoplasm misses you.
The ufetubus hits you. The ufetubus barely misses you.
You barely miss the ufetubus. Your grab misses the ufetubus.
You squeeze the ufetubus!
You kill the ufetubus!
The endoplasm attacks as you move away! The endoplasm barely misses you.
You hit the endoplasm.
The endoplasm is poisoned.
You squeeze the endoplasm.
You kill the endoplasm!
You closely miss the quokka. You grab the quokka.
You constrict the quokka, but do no damage.
The quokka barely misses you. The quokka bites you.
You hit the quokka but do no damage.
The quokka is poisoned.
You constrict the quokka, but do no damage.
The quokka bites you.
* * * LOW HITPOINT WARNING * * *
You hit the quokka.
The quokka looks as sick as possible!
You squeeze the quokka.
You kill the quokka!
You see here a +0 shortbow.
You now have 288 gold pieces (gained 19).
You see here 4 stones.
An ice beast and a gnoll come into view.
The gnoll is wielding a +1 whip of venom.
Found a falchion.
There are monsters nearby!
There are monsters nearby!
Casting: Shock (safe; 1% risk of failure)
Confirm with . or Enter, or press ? or * to list all spells.
Aiming: Shock (safe; 1% risk of failure)
Press: ? - help, Shift-Dir - straight line The zap hits the gnoll!
The gnoll is severely wounded.
The gnoll shouts!
The zap misses the gnoll.
You see here 4 stones.
Casting: Shock (safe; 1% risk of failure)
Confirm with . or Enter, or press ? or * to list all spells.
Aiming: Shock (safe; 1% risk of failure)
Press: ? - help, Shift-Dir - straight line, f - gnoll
Aim: a gnoll, wielding a +1 whip of venom (severely wounded, 77% to hit)
The zap hits the gnoll.
You kill the gnoll!
You start resting.
Magic restored.
Things that are here:
a +1 whip of venom; a gnoll corpse
Casting: Shock (safe; 1% risk of failure)
Confirm with . or Enter, or press ? or * to list all spells.
Aiming: Shock (safe; 1% risk of failure)
Press: ? - help, Shift-Dir - straight line The zap misses the ice beast.
An adder comes into view.
The adder hisses angrily.
The adder bites you.
You are poisoned.
The adder poisons you! The adder bites you but does no damage.
The adder attacks as you move away! The adder barely misses you.
You feel sick. The adder attacks as you move away! The adder barely misses you.
You feel sick. The adder attacks as you move away! The adder bites you.
You feel sick.
You feel sick.
You are no longer poisoned.
The adder bites you.
An adder comes into view.
The adder bites you. The adder attacks as you move away! The adder bites you.
The adder misses you. The adder attacks as you move away!
The adder barely misses you.
Casting: Shock (safe; 1% risk of failure)
Confirm with . or Enter, or press ? or * to list all spells.
Aiming: Shock (safe; 1% risk of failure)
Press: ? - help, Shift-Dir - straight line The zap misses the adder.
The zap hits the ice beast!
The ice beast is moderately wounded.
The zap misses the ice beast.
The adder bites you. The adder attacks as you move away! The adder bites you.
You are poisoned.
The adder poisons you!
You feel sick. The adder bites you. The adder attacks as you move away!
The adder closely misses you.
You feel sick.
You see here an adder skeleton.
You feel sick.
You see here an adder skeleton.
You feel sick.
You are no longer poisoned.
The adder misses you. The adder attacks as you move away! The adder bites you.
* * * LOW HITPOINT WARNING * * *
You are poisoned.
The adder poisons you!
You feel sick.
You feel sick.
You feel sick. The adder bites you.
* * * LOW HITPOINT WARNING * * *
You are more poisoned.
The adder poisons you!
You feel sick.
You feel sick.
You feel sick.
You feel sick. The adder bites you.
* * * LOW HITPOINT WARNING * * *
There is a stone staircase leading up here.
You feel sick. The adder bites you.
* * * LOW HITPOINT WARNING * * *
You are lethally poisoned!
The adder poisons you!
You climb upwards.
Level annotation: 3 runed translucent doors, KKCryptic's ghost, amateur MiGl
* * * LOW HITPOINT WARNING * * *
You feel sick.
There is a stone staircase leading down here.
It was a potion of might.
You feel very mighty all of a sudden.
You die...

####### ##########
#...... #........#
#.##### #@######.#
#.#....
#S######.###....##
#.##.............#
#.##.###.##.....##
###.##.###.###......
#..........# ###.###
#.......#### #.#
#.......# ##'##
#.......# ##...##


You could see an adder.

Vanquished Creatures
  A centaur (D:4)
  A necrophage (D:4)
  A scorpion (D:4)
  2 hounds (D:4)
  An iguana (D:4)
  Ijyb (D:3)
  Natasha (thrice) (D:3)
  5 gnolls
  7 adders
  A river rat (D:3)
  A shadow imp (D:3)
  2 ufetubi (D:4)
  3 worms
  A dart slug (D:1)
  An orc (D:4)
  10 bats
  9 endoplasms
  4 giant cockroaches
  4 goblins
  2 hobgoblins
  6 jackals (D:2)
  14 kobolds
  2 quokkas
  8 ball pythons
  3 frilled lizards
  13 rats
106 creatures vanquished.

Vanquished Creatures (others)
  A fungus (Sewer)
  3 plants (Sewer)
4 creatures vanquished.

Grand Total: 110 creatures vanquished

Notes
Turn   | Place    | Note
-------+----------+-------------------------------------------
     0 | D:1      | sleeves the Octopode Air Elementalist began the quest for
                  | the Orb.
     0 | D:1      | Reached XP level 1. HP: 11/11 MP: 3/3
   255 | D:1      | Reached XP level 2. HP: 17/17 MP: 1/5
   726 | D:1      | Reached skill level 2 in Conjurations
   776 | D:1      | Reached XP level 3. HP: 21/21 MP: 2/6
  1219 | D:2      | Found an ancient bone altar of Kikubaaqudgha.
  1621 | D:2      | Reached skill level 4 in Air Magic
  1621 | D:2      | Reached XP level 4. HP: 22/27 MP: 2/7
  1883 | D:2      | Reached skill level 3 in Conjurations
  2239 | D:2      | Reached XP level 5. HP: 31/31 MP: 1/8
  2540 | D:3      | Noticed Ijyb
  2552 | D:3      | HP: 12/31 [Ijyb/+0 dagger (6)]
  2553 | D:3      | Killed Ijyb
  2943 | D:3      | Found a glowing drain.
  2995 | Sewer    | Entered a sewer
  3512 | D:3      | Found a faded altar of an unknown god.
  3782 | D:3      | HP: 14/31 [poisoned by an adder]
  3787 | D:3      | HP: 9/31 [poisoned by an adder]
  3903 | D:3      | Noticed KKCryptic's ghost (amateur MiGl)
  4042 | D:3      | Noticed Natasha
  4048 | D:3      | Killed Natasha
  4049 | D:3      | Reached skill level 4 in Conjurations
  4049 | D:3      | Reached skill level 5 in Air Magic
  4049 | D:3      | Reached XP level 6. HP: 26/36 MP: 4/9
  4152 | D:3      | Found a runed translucent gate.
  4152 | D:3      | Found a runed translucent gate.
  4152 | D:3      | Found a runed translucent gate.
  4240 | D:3      | Found a hazy altar of Hepliaklqana.
  4247 | D:3      | Found a stormy altar of Qazlal.
  4247 | D:3      | Found a shimmering altar of Xom.
  4247 | D:3      | Found a glowing silver altar of Zin.
  4247 | D:3      | Found a shimmering blue altar of Sif Muna.
  4248 | D:3      | Found a burning altar of Makhleb.
  4249 | D:3      | Found a broken altar of Ashenzari.
  4250 | D:3      | Found an ornate altar of the Wu Jian Council.
  4303 | D:3      | Noticed Natasha
  4307 | D:3      | Killed Natasha
  4348 | D:3      | Noticed Natasha
  4354 | D:3      | Killed Natasha
  4642 | D:4      | Reached skill level 5 in Conjurations
  4642 | D:4      | Reached XP level 7. HP: 36/41 MP: 2/10
  4727 | D:4      | Reached skill level 6 in Air Magic
  4918 | D:4      | HP: 20/41 [quokka (5)]
  5055 | D:4      | HP: 20/41 [poisoned by an adder]
  5060 | D:4      | HP: 10/41 [poisoned by an adder]
  5064 | D:4      | HP: 2/41 [adder (3)]
  5066 | D:3      | Succumbed to an adder's poison

Illustrated notes

Levels and vault maps discovered:
D:1:      dpeg_arrival_stone_temple_mockup, layout_basic,
          chequers_serial_rivers_large_a
D:2:      layout_loops_corners, basic_altar
D:3:      layout_loops_corners, minitemple, hellmonk_ecumenical_altar_run_dry,
          gammafunk_ghost_icy, portal_sewer_entry_b, uniq_natasha, uniq_ijyb
D:4:      minmay_diamond_boxcup, layout_cave_pools, ebering_ghost_sewer_f

Skill      XL: |  1  2  3  4  5  6  7 |
---------------+----------------------+-----
Conjurations   | 2 3 4 5 |  5.5
Air Magic      | 4 5 6 |  6.3
Dodging        | |  2.0
Stealth        | |  2.6
Spellcasting   | |  2.0

Action                   |  1- 3 |  4- 6 |  7- 9 || total
-------------------------+-------+-------+-------++-------
Melee: Unarmed           |    10 |     4 |       ||    14
       Constrict         |     5 |     8 |     3 ||    16
       Tentacles         |     1 |     9 |     6 ||    16
       Dagger            |       |    16 |    19 ||    35
 Cast: Shock             |    67 |   146 |    16 ||   229
  Use: Potion            |       |       |     1 ||     1
 Stab: Sleeping          |       |       |     1 ||     1
Armor: Skin              |     4 |     5 |     2 ||    11
Dodge: Dodged            |    15 |    16 |    21 ||    52

Table legend: (Time is in decaauts)
 A = Elapsed time spent in this place.
 B = Non-inter-level travel time spent in this place.
 C = Inter-level travel time spent in this place.
 D = Time resting spent in this place.
 E = Time spent auto-exploring this place.
 F = Levels seen in this place.
 G = Mean time per level.
                   A        B        C        D        E       F      G
               +--------+--------+--------+--------+--------+-----+--------+
         Total |   5066 |   4921 |    145 |     59 |   4301 |   5 | 1013.2 |
       Dungeon |   4562 |   4417 |    145 |     59 |   3859 |   4 | 1140.5 |
         Sewer |    504 |    504 |      0 |      0 |    442 |   1 |  504.0 |
               +--------+--------+--------+--------+--------+-----+--------+

Top non-repeatable levels by time:
     D:2: 1399 daAuts
     D:3: 1398 daAuts
     D:1: 1137 daAuts
     D:4: 627 daAuts
   Sewer: 504 daAuts
